 Dungeon Crawl Stone Soup version 0.31-a0-986-g5e6e4ef867 (webtiles) character file.

Game seed: 12746434415322673399

18246 dialectric the Fighter (level 12, -3/81 HPs)
             Began as a Gargoyle Fighter on Nov 15, 2023.
             Slain by a harpy (12 damage)
             ... on level 1 of the Lair of Beasts.
             The game lasted 00:21:57 (9130 turns).

dialectric the Fighter (Gargoyle Fighter)           Turns: 9130, Time: 00:21:58

Health: -3/81      AC: 34    Str: 24      XL:     12   Next: 56%
Magic:  12/12      EV: 11    Int: 12 (13) God:
Gold:   664        SH:  0    Dex:  7      Spells: 11/11 levels left

rFire   . . .        L - +4 quarterstaff "Tiump" {protect, rC+ rN+ Int+3}
rCold   + . .        (shield currently unavailable)
rNeg    + + .        l - +3 scale mail {rPois}
rPois   ∞            k - +0 helmet
rElec   +            T - +2 cloak
rCorr   .            H - +2 pair of gloves
SInv    +            w - +0 pair of boots
Will    .....        e - amulet of regeneration Stlth
                     u - +4 ring of protection
HPRegen 1.13/turn    g - ring of see invisible
MPRegen 0.13/turn

%: no passive effects
@: no status effects
A: sickness immunity, AC +8, negative energy resistance 1, electricity
resistance, torment resistance 1, petrification resistance, clumsy 1
a: no special abilities


You were on level 1 of the Lair of Beasts.
You visited 3 branches of the dungeon, and saw 15 of its levels.

You collected 923 gold pieces.
You spent 259 gold pieces at shops.

Inventory:

Hand Weapons
 x - a +2 lajatang of venom
 L - the +4 quarterstaff "Tiump" (weapon) {protect, rC+ rN+ Int+3}
   (You found it on level 9 of the Dungeon)

   Int+3:     It affects your intelligence (+3).
   rC+:       It protects you from cold.
   rN+:       It protects you from negative energy.
 O - a +4 flail
Missiles
 D - 32 poisoned darts
 V - a curare-tipped dart (quivered)
Armour
 c - a +0 buckler
 k - a +0 helmet (worn)
 l - a +3 scale mail of poison resistance (worn)
 w - a +0 pair of boots (worn)
 H - a +2 pair of gloves (worn)
 J - +0 acid dragon scales
 P - a +0 troll leather armour
 T - a +2 cloak (worn)
Jewellery
 e - an amulet of regeneration (around neck)
 g - a ring of see invisible (right hand)
 h - a ring of positive energy
 u - a +4 ring of protection (left hand)
 B - a ring of protection from fire
 U - a ring of positive energy
Talismans
 t - a beast talisman
 v - a blade talisman
Wands
 b - a wand of polymorph (3)
 d - a wand of flame (28)
 m - a wand of acid (4)
 I - a wand of paralysis (7)
 M - a wand of roots (13)
 W - a wand of mindburst (3)
Scrolls
 f - 2 scrolls of butterflies
 q - 3 scrolls of enchant armour
 s - 2 scrolls of vulnerability
 C - a scroll of silence {unknown}
 F - 2 scrolls of teleportation
 G - 2 scrolls of fog
 K - a scroll of poison
 N - a scroll of fear {unknown}
 Q - a scroll of immolation
 S - a scroll of brand weapon {unknown}
Potions
 a - a potion of invisibility
 i - a potion of berserk rage
 n - 6 potions of curing
 o - a potion of ambrosia
 p - a potion of mutation
 r - a potion of enlightenment
 z - 2 potions of brilliance
 A - 2 potions of attraction
 E - a potion of lignification
 X - a potion of magic


   Skills:
 * Level 11.9 Fighting
 + Level 10.0(11.8) Maces & Flails
 + Level 10.3(12.0) Staves
 + Level 9.9 Armour
 - Level 5.0 Dodging
 - Level 3.3 Shields
 + Level 0.2 Evocations


You had 11 spell levels left.
You didn't know any spells.
Your spell library contained the following spells:

 Spells                   Type           Power      Damage    Failure   Level
 Apportation              Tloc           0%         N/A       56%         1
 Magic Dart               Conj           0%         1d3       56%         1
 Necrotise                Necr           0%         1d4       56%         1
 Sandblast                Erth           0%         2d4       56%         1
 Summon Small Mammal      Summ           0%         N/A       56%         1
 Call Imp                 Summ           0%         N/A       71%         2
 Passwall                 Tmut/Erth      0%         N/A       71%         2
 Poisonous Vapours        Pois/Air       0%         N/A       71%         2
 Dazzling Flash           Conj/Hex       0%         N/A       90%         3
 Mephitic Cloud           Conj/Pois/Air  0%         N/A       90%         3
 Stone Arrow              Conj/Erth      0%         3d7       90%         3
 Volatile Blastmotes      Fire/Tloc      0%         2d10      90%         3
 Brom's Barrelling Bould  Conj/Erth      0%         2d3       100%        4
 Freezing Cloud           Conj/Ice/Air   0%         6-21      100%        5
 Starburst                Conj/Fire      0%         6d3       100%        6
 Maxwell's Capacitive Co  Air            0%         ∞         100%        8


Dungeon Overview and Level Annotations

Branches:
Dungeon (11/15)            Temple (0/1) D:7            Lair (2/5) D:11
    Orc (2/2) D:10            Elf (0/3) Orc:2
  Swamp: Lair:2-3    Shoals: Lair:2-3     Snake: Lair:2-3    Spider: Lair:2-3

Altars:
Hepliaklqana
Okawaru
Sif Muna
Wu Jian
Xom

Shops:
D:4 !   D:7 *   Orc:1 *

Annotations:
D:3 2 transporters, osoart's ghost, amateur DsSh


Innate Abilities, Weirdness & Mutations

You are immune to sickness and miasma.
Your stone body is resilient. (AC +8)
You are immune to poison.
You resist negative energy. (rN+)
You are resistant to electric shocks. (rElec)
You are resistant to unholy torment.
You are immune to petrification.
You are clumsy. (Dex -2)


Message History

The harpy claws you but does no damage. The harpy misses you.
The harpy claws you but does no damage. x2; The yak gores you!
* * * LOW HITPOINT WARNING * * *
The water moccasin bites you but does no damage.
The bullfrog hits you but does no damage.
The harpy closely misses you. x2; The harpy attacks as it pursues you!
The harpy claws you but does no damage. The harpy claws you.
* * * LOW HITPOINT WARNING * * *
The harpy claws you but does no damage. The harpy barely misses you.
The bullfrog closely misses you. The harpy misses you.
The harpy barely misses you.
The harpy claws you but does no damage. x2
The yak closely misses you. The bullfrog barely misses you.
The harpy claws you!
* * * LOW HITPOINT WARNING * * *
The harpy barely misses you. The harpy claws you but does no damage.
The harpy claws you.
* * * LOW HITPOINT WARNING * * *
The harpy claws you but does no damage. The harpy barely misses you.
The harpy attacks as it pursues you! The harpy closely misses you.
The harpy claws you but does no damage. The harpy closely misses you.
The harpy claws you but does no damage. x2; The harpy closely misses you.
The harpy claws you.
* * * LOW HITPOINT WARNING * * *
The harpy barely misses you.
The water moccasin attacks as it pursues you!
The water moccasin bites you but does no damage.
The harpy completely misses you. The harpy claws you but does no damage.
The bullfrog closely misses you. The harpy barely misses you.
The harpy claws you but does no damage. The water moccasin barely misses you.
The harpy misses you. The harpy barely misses you. The harpy claws you.
* * * LOW HITPOINT WARNING * * *
The harpy claws you but does no damage.
There is a staircase back to the Dungeon here.
The water moccasin barely misses you. The harpy closely misses you.
The harpy claws you but does no damage. The water moccasin bites you.
* * * LOW HITPOINT WARNING * * *
The harpy claws you!
You die...

#......##+...##.
#....#
##...............
#....#
#..........#.##.#
#..... #........## #
#..... #.........#
##....## #........#
#...... #......>.#
#....#####........#
#......H@HF.......#
##........S........#
............Y........#
.....................#
###.###..............#
## #..............#
###
#...###.###....####.##
#.... ### #..........Y
#...# #...########


You could see a yak, 2 harpies, a water moccasin and a bullfrog.

Vanquished Creatures
  Fannar (D:11)
  3 two-headed ogres
  A skyshark (Lair:1)
  An orc knight (Orc:1)
  A manticore (D:11)
  3 elephants
  Maurice (D:10)
  A gargoyle (D:11)
  3 cane toads
  A komodo dragon (D:11)
  A polar bear (D:10)
  7 trolls
  A hornet (D:7)
  A shadow (D:10)
  Sigmund (D:2)
  A wraith (D:11)
  10 yaks
  2 wyverns (D:7)
  4 vampire mosquitoes (D:10)
  Menkaure (D:4)
  5 wargs
  3 water moccasins
  6 acid dragons
  A black bear (D:4)
  7 orc warriors
  3 sky beasts
  3 ogres
  5 centaurs
  2 phantoms (D:6)
  4 kobold brigands
  5 scorpions
  14 wights
  A bullfrog (Lair:1)
  11 killer bees
  6 howler monkeys
  3 hounds
  12 orc priests
  4 jellies
  Crazy Yiuf (D:2)
  6 iguanas
  15 orc wizards
  A sleepcap (D:4)
  Natasha (twice) (D:3)
  Terence (D:2)
  16 gnolls
  5 adders
  A shadow imp (D:6)
  5 white imps
  A howler monkey simulacrum (D:10)
  2 ufetubi (D:10)
  A worm (D:2)
  6 dart slugs
  42 orcs
  8 bats
  3 endoplasms
  2 giant cockroaches
  5 goblins
  10 hobgoblins
  A quokka (D:3)
  6 ball pythons
  8 frilled lizards
  16 kobolds
  3 rats
  A spectral orc (D:6)
  A butterfly (D:7)
309 creatures vanquished.

Notes
Turn   | Place    | Note
-------+----------+-------------------------------------------
     0 | D:1      | dialectric the Gargoyle Fighter began the quest for the
                  | Orb.
     0 | D:1      | Reached XP level 1. HP: 14/14 MP: 1/1
   156 | D:1      | Reached XP level 2. HP: 18/19 MP: 2/2
   285 | D:1      | Reached XP level 3. HP: 20/24 MP: 3/3
   598 | D:2      | Reached skill level 4 in Fighting
   626 | D:2      | Found a runed translucent door.
   627 | D:2      | Noticed Crazy Yiuf
   757 | D:2      | Reached XP level 4. HP: 28/29 MP: 4/4
  1023 | D:2      | Noticed Terence
  1046 | D:2      | Killed Terence
  1071 | D:2      | Noticed Sigmund
  1090 | D:2      | Killed Sigmund
  1091 | D:2      | Reached skill level 1 in Dodging
  1091 | D:2      | Reached XP level 5. HP: 24/34 MP: 5/5
  1091 | D:2      | Reached XP level 6. HP: 28/39 MP: 6/6
  1268 | D:2      | Killed Crazy Yiuf
  1385 | D:3      | Reached skill level 5 in Armour
  1463 | D:3      | Noticed Natasha
  1490 | D:3      | Killed Natasha
  1491 | D:3      | Reached XP level 7. HP: 44/44 MP: 7/7
  1570 | D:3      | Noticed osoart's ghost (amateur DsSh)
  1575 | D:3      | Found a transporter.
  1784 | D:3      | Found a transporter.
  1819 | D:3      | Reached skill level 5 in Maces & Flails
  1842 | D:3      | Found an iron altar of Okawaru.
  1860 | D:3      | Noticed Natasha
  1878 | D:3      | Killed Natasha
  2199 | D:4      | Found Fallurr's Distillery.
  2202 | D:4      | Bought a potion of curing for 33 gold pieces
  2205 | D:4      | Noticed Menkaure
  2216 | D:4      | Killed Menkaure
  2285 | D:4      | Reached skill level 5 in Fighting
  2359 | D:4      | Reached XP level 8. HP: 49/49 MP: 8/8
  2585 | D:5      | Entered Level 5 of the Dungeon
  3422 | D:6      | Found a hazy altar of Hepliaklqana.
  3529 | D:6      | Reached XP level 9. HP: 55/55 MP: 9/9
  3656 | D:6      | Reached skill level 6 in Fighting
  4060 | D:7      | Found a staircase to the Ecumenical Temple.
  4156 | D:7      | Noticed a troll
  4174 | D:7      | Killed a troll
  4393 | D:7      | Found Ting's General Store.
  4397 | D:7      | Bought a scroll of enchant armour for 97 gold pieces
  4397 | D:7      | Bought a scroll of teleportation for 39 gold pieces
  4397 | D:7      | Bought a potion of heal wounds for 65 gold pieces
  4435 | D:7      | Noticed a troll
  4450 | D:7      | Killed a troll
  4650 | D:8      | Noticed a hornet
  4651 | D:8      | Noticed a two-headed ogre
  4815 | D:8      | Reached skill level 5 in Dodging
  4815 | D:8      | Reached XP level 10. HP: 61/61 MP: 10/10
  4844 | D:7      | Reached skill level 7 in Fighting
  4977 | D:8      | Found a shimmering altar of Xom.
  5183 | D:9      | Identified the +4 quarterstaff "Tiump" {protect, rC+ rN+
                  | Int+3}
  5299 | D:9      | Reached skill level 8 in Fighting
  5459 | D:9      | Reached skill level 1 in Staves
  5528 | D:9      | Reached skill level 10 in Maces & Flails
  5651 | D:10     | Identified the "Ceomoll"
  5651 | D:10     | Identified the "Ogaloqesadgh"
  5651 | D:10     | Identified the of Jyomul
  5651 | D:10     | Identified the "Alia"
  5651 | D:10     | Entered Level 10 of the Dungeon
  5839 | D:10     | Reached XP level 11. HP: 63/69 MP: 11/11
  5996 | D:10     | Noticed Maurice
  6015 | D:10     | Killed Maurice
  6016 | D:10     | Reached skill level 9 in Fighting
  6016 | D:10     | Reached skill level 5 in Staves
  6072 | D:10     | Found a shimmering blue altar of Sif Muna.
  6308 | D:10     | Found a staircase to the Orcish Mines.
  6536 | D:9      | Killed a two-headed ogre
  6981 | D:11     | Noticed a manticore
  7013 | D:11     | Killed a manticore
  7059 | D:11     | Reached skill level 10 in Fighting
  7168 | D:11     | Noticed a two-headed ogre
  7169 | D:11     | Noticed a two-headed ogre
  7197 | D:10     | Killed a two-headed ogre
  7265 | D:11     | Killed a two-headed ogre
  7327 | D:11     | Found a staircase to the Lair.
  7698 | D:11     | Found an ornate altar of the Wu Jian Council.
  7884 | D:11     | Gained mutation: You are partially covered in iridescent
                  | scales. (AC +2) [potion of mutation]
  7884 | D:11     | Lost mutation: You are partially covered in iridescent
                  | scales. (AC +2) [potion of mutation]
  7930 | Lair:1   | Entered Level 1 of the Lair of Beasts
  7948 | Lair:1   | Reached XP level 12. HP: 34/79 MP: 12/12
  8047 | Lair:1   | Noticed Fannar
  8054 | Lair:1   | Noticed a skyshark
  8084 | Lair:1   | Killed a skyshark
  8091 | Lair:1   | Reached skill level 11 in Fighting
  8277 | D:11     | HP: 4/80 [elephant (8)]
  8465 | Orc:1    | Entered Level 1 of the Orcish Mines
  8634 | Orc:1    | Found Cyugad's CLEARANCE SALE!.
  8640 | Orc:1    | Bought a potion of curing for 15 gold pieces
  8640 | Orc:1    | Bought a scroll of identify for 10 gold pieces
  8701 | Orc:1    | Reached skill level 10 in Staves
  8878 | Orc:2    | Entered Level 2 of the Orcish Mines
  8892 | Orc:2    | Found a staircase to the Elven Halls.
  8907 | Orc:2    | Gained mutation: You are clumsy. (Dex -2) [a neqoxec]
  9029 | D:11     | Killed Fannar
  9130 | Lair:1   | Slain by a harpy

Illustrated notes

Levels and vault maps discovered:
D:1:      spicycebolla_arrival_clurvy, layout_basic
D:2:      layout_basic, nrook_mini_vaults, uniq_sigmund, uniq_terence,
          uniq_crazy_yiuf_cottage
D:3:      layout_rooms, lemuel_crystal_altar, gammafunk_ghost_mausoleum,
          nicolae_grassy_gnolls, uniq_natasha
D:4:      layout_rooms, serial_shops, nicolae_shop_behind_doors, uniq_menkaure
D:5:      layout_loops_ring
D:6:      layout_loops_ring, nicolae_hepliaklqana_monster_ancestors,
          grunt_decor_one_mirror, grunt_ministairs_1
D:7:      layout_cave_pools, minmay_temple_entry_butterflies, serial_shops,
          kennysheep_mini_moat, minmay_crystal_room
D:8:      layout_rooms, xom_confusion_cloud
D:9:      layout_rooms
D:10:     layout_irregular_city, led_sif_book,
          kennysheep_orc_monster_closet_entryway, serial_ice, serial_ice_k,
          serial_ice_g, serial_ice_d, serial_ice_c,
          amcnicky_mini_corridor_feature, uniq_maurice
D:11:     layout_irregular_city, erik_lair_orcish_takeover, grunt_ministairs_14,
          nicolae_wu_jian_glorious_leap
Lair:1:   layout_chaotic_city, beast_lair_carwin_1, uniq_fannar, uniq_sonja
Lair:2:   layout_cave_pods, nicolae_shoals_entry_roost,
          grunt_forest_stairs_basic, beast_lair_carwin_7
Orc:1:    nicolae_orc_accident_3, layout_diamond_mine, nicolae_shop_clearance
Orc:2:    grunt_orc_cross, layout_caves, uniq_azrael

Skill      XL: |  1  2  3  4  5  6  7  8  9 10 11 12 |
---------------+-------------------------------------+-----
Fighting       | 4 5 6 8 10 11 | 11.9
Armour         | 4 5 6 7 8 9 |  9.9
Maces & Flails | 4 6 7 9 10 | 10.0
Dodging        | 1 2 3 5 |  5.0
Staves         | 4 8 10 | 10.3
Shields        | |  3.3
Evocations     | |  0.2

Action                     |  1- 3 |  4- 6 |  7- 9 | 10-12 || total
---------------------------+-------+-------+-------+-------++-------
  Melee: Flail             |    92 |   156 |   518 |   133 ||   899
         Punch             |       |     3 |     5 |     1 ||     9
         Quarterstaff      |       |       |       |   758 ||   758
  Throw: Dart              |       |       |       |     2 ||     2
  Evoke: Wand              |       |       |       |     5 ||     5
    Use: Potion            |       |     1 |     2 |     5 ||     8
         Scroll            |       |       |     2 |    14 ||    16
 Armour: Scale mail        |    84 |   156 |   464 |  1057 ||  1761
  Dodge: Dodged            |    54 |    92 |   270 |   709 ||  1125

Table legend: (Time is in decaauts)
 A = Elapsed time spent in this place.
 B = Non-inter-level travel time spent in this place.
 C = Inter-level travel time spent in this place.
 D = Time resting spent in this place.
 E = Time spent auto-exploring this place.
 F = Levels seen in this place.
 G = Mean time per level.
                   A        B        C        D        E       F      G
               +--------+--------+--------+--------+--------+-----+--------+
         Total |   9094 |   8612 |    482 |    263 |   4828 |  15 |  606.3 |
       Dungeon |   8392 |   7969 |    423 |    263 |   4551 |  11 |  762.9 |
          Lair |    233 |    232 |      1 |      0 |     65 |   2 |  116.5 |
  Orcish Mines |    468 |    411 |     57 |      0 |    212 |   2 |  234.0 |
               +--------+--------+--------+--------+--------+-----+--------+

Top non-repeatable levels by time:
    D:11: 1327 daAuts
    D:10: 949 daAuts
     D:2: 933 daAuts
     D:7: 750 daAuts
     D:6: 719 daAuts
     D:5: 719 daAuts
     D:9: 663 daAuts
     D:3: 606 daAuts
     D:1: 599 daAuts
     D:4: 578 daAuts
     D:8: 545 daAuts
   Orc:1: 428 daAuts
  Lair:1: 214 daAuts
   Orc:2: 40 daAuts
  Lair:2: 19 daAuts
